 Dungeon Crawl Stone Soup version 0.17-a0-854-g4a4ba72 (console) character file.

43 sose the Changer (level 3, -1/23 HPs)
             Began as an Octopode Transmuter on Apr 28, 2015.
             Slain by an iron imp (11 damage)
             ... summoned by Natasha
             ... on level 2 of the Dungeon.
             The game lasted 00:03:09 (1353 turns).

sose the Changer (Octopode Transmuter)              Turns: 1353, Time: 00:03:09

Health: -1/23      AC:  1    Str:  9    XL:     3   Next: 58%
Magic:  2/6        EV: 12    Int: 16    God:
Gold:   38         SH:  0    Dex: 12    Spells: 3 memorised, 0 levels left

rFire  . . .     SeeInvis .       - Unarmed
rCold  . . .     Clarity  .     (no shield)
rNeg   . . .     SustAb   .     (helmet restricted)
rPois  .         Gourm    .     g - amulet of stasis
rElec  .         Spirit   .     (no ring)
rCorr  .         Warding  .     (no ring)
rMut   .         Stasis   +     (no ring)
MR     .....                    (no ring)
Stlth  ++........               (no ring)
                                (no ring)
                                (no ring)
                                (no ring)

@: not resistant to hostile enchantments, unstealthy
A: almost no armour, amphibious, 8 rings, constrict 8, camouflage 1, gelatinous
body 1
a: no special abilities


You were on level 2 of the Dungeon.
You were not hungry.

You visited 1 branch of the dungeon, and saw 2 of its levels.

You collected 38 gold pieces.

Inventory:

Missiles
 a - 9 arrows
Jewellery
 g - an amulet of stasis (around mantle)
Scrolls
 d - 4 scrolls of identify {unknown}
 e - 4 scrolls of teleportation {unknown}
 f - a scroll of amnesia {unknown}
 l - a scroll of enchant weapon {unknown}
Potions
 j - a potion of restore abilities {unknown}
 k - 2 potions of might {unknown}
Books
 b - a book of Changes

   Spells                             Type                      Level
   a - Beastly Appendage              Transmutation                1
   b - Sticks to Snakes               Transmutation                2
   c - Spider Form                    Transmutation/Poison         3
   d - Ice Form                       Ice/Transmutation            4
   e - Blade Hands                    Transmutation                5
Comestibles
 c - 3 bread rations
 h - a meat ration
 i - 2 chunks of flesh


   Skills:
 - Level 1.0 Fighting
 - Level 2.0 Dodging
 - Level 3.0 Unarmed Combat
 - Level 2.0 Spellcasting
 + Level 3.8 Transmutations


You couldn't memorise any spells.
You knew the following spells:

 Your Spells              Type           Power        Failure   Level  Hunger
a - Beastly Appendage     Trmt           ##....       6%          1    #......
b - Sticks to Snakes      Trmt           ##........   10%         2    ###....
c - Spider Form           Trmt/Pois      #.........   34%         3    ###....


Dungeon Overview and Level Annotations

Branches:
Dungeon (2/15)

Altars:

Annotations:
D:2 Natasha


Innate Abilities, Weirdness & Mutations

You cannot wear most types of armour.
You are amphibious.
You can wear up to eight rings at the same time.
You can use your tentacles to constrict eight enemies at once.
Your skin changes colour to match your surroundings (Stealth).
Your rubbery body absorbs attacks (AC +1).


Message History

Your ball python barely misses the iron imp.
Your ball python grabs the iron imp.
Your ball python constricts the iron imp.
Your ball python bites Natasha but does no damage.
Your ball python misses Natasha.
Natasha claws your ball python!
Your ball python dies!
Your ball python barely misses Natasha.
Your ball python closely misses Natasha.
Your ball python releases its grip on the iron imp.
Unknown command.
You tentacle-slap the iron imp. You grab the iron imp.
You squeeze the iron imp.
The iron imp is moderately wounded.
You constrict the iron imp, but do no damage.
Your ball python barely misses Natasha.
Your ball python grabs Natasha.
Your ball python constricts Natasha.
Your ball python bites Natasha.
Natasha claws your ball python.
Your ball python dies!
The iron imp hits you!
You die...

.........# ........#
.......###+
..........
#.........
#รท.........
#.....###+ ##.....#
#@.....# ##5.S...###
###..h8#8.....
+.....#?#.###
#.####..8#8.#
#...........#
...........########
.........#.........
...###.#.#.........#


You could see an iron imp, Natasha and a friendly ball python.

Vanquished Creatures
  Natasha (D:2)
  A worm (D:2)
  3 giant geckos (D:1)
  A giant cockroach (D:1)
  3 hobgoblins
  3 kobolds
  2 bats (D:1)
  5 giant newts
  A goblin (D:2)
  2 jackals (D:2)
  4 rats (D:1)
26 creatures vanquished.

Notes
Turn   | Place    | Note
--------------------------------------------------------------
     0 | D:1      | sose, the Octopode Transmuter, began the quest for the Orb.
     0 | D:1      | Reached XP level 1. HP: 13/13 MP: 3/3
   466 | D:1      | Reached XP level 2. HP: 5/18 MP: 3/5
   835 | D:1      | Learned a level 2 spell: Sticks to Snakes
  1179 | D:2      | Reached XP level 3. HP: 21/23 MP: 6/6
  1195 | D:2      | Learned a level 3 spell: Spider Form
  1324 | D:2      | Noticed Natasha
  1337 | D:2      | Killed Natasha
  1348 | D:2      | Noticed Natasha
  1353 | D:2      | Slain by an iron imp

Action                   || total
-------------------------++-------
Melee: Unarmed           ||    63
 Cast: Beastly Appendage ||    11
       Sticks to Snakes  ||     3
 Stab: Sleeping          ||     3
  Eat: Chunk             ||     2
